 Dungeon Crawl Stone Soup version 0.32-a0-612-g1c984fe9d1 (webtiles) character file.

Game seed: 11253207606682498426

541 dolemite99 the Cleaver (level 7, -1/52 HPs)
             Began as a Coglin Chaos Knight on Mar 5, 2024.
             Was a Plaything of Xom.
             Incinerated by a bombardier beetle (3 damage)
             ... with a burning spray
             ... on level 5 of the Dungeon.
             The game lasted 00:05:21 (5321 turns).

dolemite99 the Cleaver (Coglin Chaos Knight)        Turns: 5321, Time: 00:05:22

Health: -1/52      AC: 12    Str: 14    XL:     7   Next: 26%
Magic:  7/7        EV:  4    Int: 12    God:    Xom [.*....]
Gold:   58         SH:  0    Dex: 13    Spells: 6/6 levels left

rFire   . . .        a - +0 hand axe (chaos) {Gloria}
rCold   . . .        s - +0 hand axe {Bonifácio}
rNeg    . . .        g - +0 plate armour
rPois   .            (no helmet)
rElec   .            (no cloak)
rCorr   .            (no gloves)
SInv    .            i - +1 pair of boots
Will    .....        (amulet unavailable) Stlth
                     (ring unavailable)
HPRegen 0.28/turn    (ring unavailable)
MPRegen 0.10/turn    (no gizmo)

%: no passive effects
@: mighty, lethally poisoned (-1 -> -6), on fire, glowing, revved
A: off-hand wielding, slow wielding, warmup strikes, no jewellery
a: Invent Gizmo, Renounce Religion


You were on level 5 of the Dungeon.
You worshipped Xom.
You were a plaything of Xom.
You visited 1 branch of the dungeon, and saw 5 of its levels.

You collected 248 gold pieces.
You spent 190 gold pieces at shops.

Inventory:

Hand Weapons
 a - a +0 hand axe of chaos (weapon) {Gloria}
 d - a +0 dagger {Suthep}
 k - a +0 flail {Prani}
 s - a +0 hand axe (offhand) {Bonifácio}
Missiles
 n - 11 poisoned darts
Armour
 b - a +3 leather armour
 g - a +0 plate armour (worn)
 h - a +0 helmet
 i - a +1 pair of boots (worn)
 m - a +0 plate armour
Wands
 o - a wand of flame (16)
Scrolls
 c - 2 scrolls of butterflies
 f - a scroll of blinking
 j - 2 scrolls of teleportation
 q - a scroll of enchant weapon
 r - a scroll of poison
 t - a scroll of vulnerability
Potions
 e - a potion of invisibility


   Skills:
 - Level 3.0 Fighting
 + Level 8.1 Axes
 - Level 1.7 Armour
 - Level 0.8 Dodging


You had 6 spell levels left.
You didn't know any spells.
Your spell library contained the following spells:

 Spells                   Type           Power      Damage    Failure   Level
 Shock                    Conj/Air       0%         1d3       100%        1
 Call Imp                 Summ           0%         N/A       100%        2
 Sublimation of Blood     Necr           0%         N/A       100%        2
 Swiftness                Air            0%         N/A       100%        3
 Airstrike                Air            0%         2d(0-16)  100%        4
 Summon Hydra             Summ           0%         N/A       100%        7


Dungeon Overview and Level Annotations

Branches:
Dungeon (5/15)
 Temple: D:4-7

Altars:

Shops:
D:1 ?   D:4 ?


Innate Abilities, Weirdness & Mutations

You can wield a second weapon in your off-hand.
It takes a long time for you to wield or remove held weapons.
Your first few attacks do less damage.
You cannot equip rings or amulets.


Message History

You are no longer poisoned.
The hound bites you but does no damage. The water moccasin bites you.
The hound bites you.
The bombardier beetle barely misses you.
You slash the bombardier beetle with your +0 hand axe of chaos!
You kill the bombardier beetle!
You hit the water moccasin with your +0 hand axe of chaos.
You burn the water moccasin.
You hit the hound with your +0 hand axe of chaos.
The hound appears confused.
You slash the hound with your +0 hand axe!
You kill the hound!
You hit the water moccasin with your +0 hand axe.
The liquid fire burns you!
* * * LOW HITPOINT WARNING * * *
The water moccasin bites you.
* * * LOW HITPOINT WARNING * * *
You are poisoned.
The water moccasin poisons you!
You have reached level 7!
Your brain swirls with designs for a N-80 hyperdynamo.
You just need some more time...
You hit the water moccasin with your +0 hand axe.
The water moccasin is severely wounded.
You hit the water moccasin with your +0 hand axe of chaos.
You burn the water moccasin. The liquid fire burns you!
* * * LOW HITPOINT WARNING * * *
x2 You feel very sick.
The water moccasin bites you but does no damage. x2
You hit the water moccasin with your +0 hand axe of chaos.
You kill the water moccasin!
The liquid fire burns you!
* * * LOW HITPOINT WARNING * * *
x2 You feel sick.
Your Axes skill increases to level 8!
Okay, then.
Okay, then.
Okay, then.
The liquid fire burns you!
You die...

# ########### #.
#.........# #..
#..<......#
#...#.........#
#.............###
#...#............
#......@†......##
####............##
#..........#...
###.....#......
#.$...#......
..#.....#......
.......<.S.....
......#........
..... ...5.....


There were no monsters in sight!

Vanquished Creatures
  A water moccasin (D:5)
  A bombardier beetle (D:5)
  4 hounds
  A sleepcap (D:3)
  Jessica (D:2)
  Robin (D:3)
  4 gnolls (D:2)
  4 adders
  A river rat (D:4)
  A shadow imp (D:4)
  2 ufetubi
  2 dart slugs (D:3)
  3 ribbon worms
  5 orcs
  6 ball pythons
  6 bats
  7 endoplasms
  4 giant cockroaches
  12 goblins
  12 hobgoblins
  8 jackals
  7 quokkas
  3 frilled lizards (D:1)
  6 kobolds
  8 rats
110 creatures vanquished.

Vanquished Creatures (others)
  An endoplasm zombie (D:2)
1 creature vanquished.

Grand Total: 111 creatures vanquished

Notes
Turn   | Place    | Note
-------+----------+-------------------------------------------
     0 | D:1      | dolemite99 the Coglin Chaos Knight began the quest for the
                  | Orb.
     0 | D:1      | Reached XP level 1. HP: 18/18 MP: 1/1
    59 | D:1      | Found Lodeg's Magic Scroll Shop.
    92 | D:1      | XOM: butterfly on damage
   175 | D:1      | Reached XP level 2. HP: 24/24 MP: 2/2
   428 | D:1      | Reached skill level 4 in Axes
   444 | D:1      | XOM: silly message
   492 | D:1      | Reached XP level 3. HP: 29/29 MP: 3/3
   706 | D:1      | XOM: divination: detect creatures
   940 | D:2      | Noticed Jessica
   952 | D:2      | Killed Jessica
   953 | D:2      | Reached XP level 4. HP: 27/35 MP: 4/4
  1099 | D:2      | Reached skill level 5 in Axes
  1179 | D:2      | XOM: divination: detect creatures
  2055 | D:2      | Reached XP level 5. HP: 30/41 MP: 5/5
  2298 | D:2      | XOM: god gift: scroll labelled DAWKUB YGIRIDDU {god gift}
  2628 | D:3      | Reached skill level 6 in Axes
  2640 | D:3      | Noticed Robin
  2646 | D:3      | Killed Robin
  2732 | D:3      | XOM: polymorph dart slug -> jackal
  3129 | D:3      | Reached XP level 6. HP: 46/47 MP: 6/6
  3194 | D:3      | XOM: summons 2 hostile shadow creatures
  3858 | D:4      | Found Upysio's Magic Scroll Shop.
  3919 | D:4      | XOM: divination: detect items
  4016 | D:1      | Bought a scroll of blinking for 75 gold pieces
  4016 | D:1      | Bought a scroll of enchant weapon for 75 gold pieces
  4016 | D:1      | Bought a scroll of poison for 40 gold pieces
  4166 | D:4      | Reached skill level 7 in Axes
  4283 | D:4      | XOM: silly message
  4304 | D:4      | XOM: silly message
  4323 | D:4      | XOM: 4-stop teleportation journey
  4328 | D:5      | Entered Level 5 of the Dungeon
  5236 | D:5      | Noticed a water moccasin
  5305 | D:5      | XOM: silly message
  5319 | D:5      | Reached XP level 7. HP: 12/52 MP: 7/7
  5320 | D:5      | HP: 2/52 [poisoned by a water moccasin]
  5321 | D:5      | Reached skill level 8 in Axes
  5321 | D:5      | Incinerated by a bombardier beetle

Illustrated notes

Levels and vault maps discovered:
D:1:      sevenhm_arrival_forest_fort_small_6, layout_basic, serial_shops, shop
D:2:      layout_rooms, guppyfry_early_orc_mine, uniq_jessica
D:3:      layout_basic, uniq_robin
D:4:      layout_layer_cave, gup_sewer_entry_spiral, serial_shops,
          nicolae_shop_stone
D:5:      layout_rooms

Skill      XL: |  1  2  3  4  5  6  7 |
---------------+----------------------+-----
Axes           | 4 5 6 7 8 |  8.1
Fighting       | |  3.0
Armour         | |  1.7
Dodging        | |  0.8

Action                     |  1- 3 |  4- 6 |  7- 9 || total
---------------------------+-------+-------+-------++-------
  Melee: Dagger            |    45 |    21 |       ||    66
         Hand axe          |    44 |   218 |     3 ||   265
         Flail             |       |    93 |       ||    93
    Use: Scroll            |       |     9 |       ||     9
         Potion            |       |     5 |       ||     5
   Stab: Confused          |       |     2 |       ||     2
         Held in net/web   |       |     1 |       ||     1
         Paralysed         |       |     5 |       ||     5
         Sleeping          |       |     1 |       ||     1
 Armour: Leather armour    |    43 |    61 |       ||   104
         Plate armour      |       |   129 |     1 ||   130
  Dodge: Dodged            |    46 |    69 |       ||   115

Table legend: (Time is in decaauts)
 A = Elapsed time spent in this place.
 B = Non-inter-level travel time spent in this place.
 C = Inter-level travel time spent in this place.
 D = Time resting spent in this place.
 E = Time spent auto-exploring this place.
 F = Levels seen in this place.
 G = Mean time per level.
                   A        B        C        D        E       F      G
               +--------+--------+--------+--------+--------+-----+--------+
         Total |   5391 |   4882 |    509 |   1774 |   2174 |   5 | 1078.2 |
       Dungeon |   5391 |   4882 |    509 |   1774 |   2174 |   5 | 1078.2 |
               +--------+--------+--------+--------+--------+-----+--------+

Top non-repeatable levels by time:
     D:2: 1426 daAuts
     D:4: 1334 daAuts
     D:3: 1315 daAuts
     D:1: 1278 daAuts
     D:5: 35 daAuts
